Map: Ulrena

Players

Karnivor

  • Race: Zerg Zerg
  • League: Silver
  • Spawn Location: 7:00

zidar - Winner!

  • Race: Zerg Zerg
  • League: Silver
  • Spawn Location: 11:00

VOD

Have the link to the VOD?

Description

Time

  • Played on: Jan. 14, 2016, 1:01 p.m.
  • Length: 9:31
Show
View Real Time Build Order
Export as new Build Order

Karnivor Zerg 

Build Orders: 1 Base Baneling Bust, Pool First, Zergling Baneling 

Get SALT Encoding   

  12  0:02  Drone  
  13  0:16  Extractor  
  12  0:26  Spawning Pool  
  11  0:31  Drone  
  11  0:34  Drone  
  13  0:43  Overlord  
  13  0:49  Drone  
  14  1:15  Zergling x6  
  14  1:17  Metabolic Boost  
  17  1:29  Queen  
  19  1:44  Zergling x4  
  21  1:54  Baneling Nest  
  21  1:56  Overlord  
  19  2:22  Zergling x4  
  19  2:23  Zergling x2  
  20  2:36  Zergling x2  
  21  2:41  Baneling  
  21  2:42  Baneling x3  
  21  2:45  Zergling x2  
  22  2:51  Zergling x4  
  16  3:39  Zergling x2  
  16  3:40  Zergling x10  
  21  4:00  Hatchery  
  20  4:04  Zergling x4  
  22  4:25  Baneling x7  
  22  4:26  Baneling  
  22  4:30  Overlord  
  22  4:38  Evolution Chamber  
  15  5:03  Baneling x2  
  15  5:04  Baneling  
  15  5:18  Zergling x8  
  15  5:19  Zergling x4  
  19  5:32  Zergling x6  
  22  5:43  Zergling x2  
  22  5:44  Zergling x2  
  24  5:51  Baneling x2  
  24  5:52  Baneling  
  24  6:00  Zergling x2  
  17  6:45  Baneling  
  17  6:46  Baneling x3  
  17  6:53  Drone x3  
  17  6:54  Drone x5  
  21  7:35  Overlord x3  
  21  7:52  Queen  
  21  7:55  Zergling x2  
  21  7:56  Zergling x8  
  21  7:58  Zergling x2  
  29  8:16  Spine Crawler x2  
  29  8:19  Baneling x3  
  27  8:23  Zergling x4  
  18  8:57  Zergling x12  
Show
View Real Time Build Order
Export as new Build Order

zidar Zerg - Winner!

Build Orders: Pool First 

Get SALT Encoding   

  12  0:03  Drone  
  13  0:12  Overlord  
  13  0:17  Drone  
  14  0:30  Drone x2  
  16  0:43  Spawning Pool  
  16  0:45  Drone  
  16  0:49  Drone  
  17  1:15  Hatchery  
  17  1:16  Drone  
  17  1:19  Drone  
  17  1:24  Extractor  
  17  1:25  Drone  
  18  1:35  Queen  
  20  1:48  Zergling x2  
  20  1:49  Zergling x2  
  22  2:00  Overlord  
  22  2:08  Spine Crawler  
  21  2:36  Zergling x6  
  23  2:54  Zergling x4  
  13  3:25  Metabolic Boost  
  13  3:28  Zergling x12  
  18  3:42  Roach Warren  
  17  4:00  Zergling x2  
  17  4:01  Zergling x8  
  22  4:29  Roach x3  
  28  4:33  Drone x2  
  22  4:55  Roach  
  24  5:05  Drone x4  
  28  5:19  Extractor  
  28  5:20  Roach  
  23  5:31  Roach  
  25  5:36  Zergling x4  
  25  5:37  Zergling x4  
  29  6:02  Spine Crawler  
  28  6:09  Drone  
  29  6:11  Overlord  
  24  6:45  Roach x4  
  32  6:55  Drone  
  33  7:04  Ravager x2  
  35  7:13  Overlord  
  35  7:18  Ravager  
  35  7:20  Drone x2  
  35  7:32  Ravager  
  35  7:36  Roach  
  38  7:40  Roach  
  40  8:04  Hatchery  
  36  9:09  Roach  
  46  9:10  Roach x4  
Tags
 
Add a new tag
Caveats
  • Supply blocks, unpowered buildings, or Contaminate may cause inaccurate times.
  • Supply counts are checked every 10 seconds.